Predators vs Canadiens (R1)

Created - January 21, 2020 at 19:14

Goals
1 2 3 T
Predators 0 0 2 2
Canadiens 0 2 1 3
Shots
1 2 3 T
Predators 11 12 12 35
Canadiens 6 11 10 27

1st period

No Goal

Penalties :
Adam Burish (Nas) for Roughing (Minor) at 1:10, Raphael Diaz (Mon) for Charging (Minor) at 9:17

2nd period

1. Canadiens , Greg Stewart 14 (Corey Perry 29, Henrik Sedin 26) at 6:00 (PP)
2. Canadiens , Brett Maclean 4 (Steve Downie 12, Frans Nielsen 16) at 17:18 (PP)

Penalties :
Vitaly Vishnevsky (Mon) for Tripping (Minor) at 1:37, Ryan Kesler (Nas) for Hooking (Minor) at 5:48, Pierre-Marc Bouchard (Mon) for Hooking (Minor) at 8:11, Brendan Gallagher (Nas) for Tripping (Minor) at 16:11

3rd period

3. Predators , John Moore 5 (Mikael Granlund 30, Brendan Gallagher 23) at 5:29
4. Predators , Justin Abdelkader 2 (Dmitri Kalinin 1, Nate Schmidt 6) at 10:29
5. Canadiens , Enver Lisin 4 (Pierre-Marc Bouchard 8, Steve Downie 13) at 19:09

Penalties :
Frans Nielsen (Mon) for Holding Stick (Minor) at 2:03, Shaone Morrisonn (Mon) for Tripping (Minor) at 7:53, Enver Lisin (Mon) for Slashing (Minor) at 11:55, Vitaly Vishnevsky (Mon) for Hooking (Minor) at 16:20

Goalie Stats

Viktor Fasth (Nas), 24 saves from 27 shots - (0.889), L, 15-8-2, 59:37 minutes
Henrik Lundqvist (Mon), 33 saves from 35 shots - (0.943), W, 14-9-7, 60:00 minutes

Players Stats for Predators

Player Name              G  A  P  +/- PIM S  H  SB GA TA FO     MP     PP MP  PK MP  
------------------------------------------------------------------------------------
Adam Burish              0  0  0   1  2   1  0  1  0  0  0/0     9:25   0:26   1:11 
Alexander Edler          0  0  0   0  0   2  2  1  0  1  0/0    28:51   7:52   2:00 
Alexander Ovechkin       0  0  0   1  0   2  1  0  1  0  0/4    22:16   6:55   0:59 
Alexander Steen          0  0  0   0  0   4  5  0  0  0  0/0    18:06   6:29   0:22 
Andy Miele               0  0  0   1  0   2  2  0  0  0  2/8     7:47   0:00   0:00 
Brendan Gallagher        0  1  1   1  2   2  3  0  3  1  0/1    21:43   6:37   0:46 
Byron Bitz               0  0  0  -1  0   0  0  0  0  0  0/0    10:05   0:00   0:44 
Dmitri Kalinin           0  1  1   1  0   0  2  2  0  1  0/0    11:04   0:00   0:00 
James Van Riemsdyk       0  0  0  -1  0   1  2  0  1  0  0/0    10:13   0:47   0:00 
John Moore               1  0  1   0  0   1  0  4  0  0  0/0    20:05   6:01   1:18 
Justin Abdelkader        1  0  1   1  0   2  0  1  0  0  4/4    10:27   0:26   2:12 
Mikael Granlund          0  1  1   1  0   5  3  0  1  0  15/29  21:39   6:55   0:22 
Nate Schmidt             0  1  1   1  0   1  0  0  1  1  0/0    12:24   0:00   1:18 
Niclas Bergfors          0  0  0   0  0   3  3  0  0  1  0/0    17:49   6:32   0:00 
Nik Antropov             0  0  0  -1  0   2  0  0  1  0  3/5     9:21   0:00   0:00 
Ryan Kesler              0  0  0   0  2   5  1  0  0  0  6/9    17:48   6:32   0:00 
Ryan Mcdonagh            0  0  0   0  0   2  1  2  0  1  0/0    28:51   7:52   2:00 
Ryan Murray              0  0  0   0  0   0  0  1  0  0  0/0    18:45   6:01   0:00 

Players Stats for Canadiens

Player Name              G  A  P  +/- PIM S  H  SB GA TA FO     MP     PP MP  PK MP  
------------------------------------------------------------------------------------
Brett Maclean            1  0  1  -1  0   7  2  1  0  0  0/0    16:34   1:27   0:00 
Bryce Lampman            0  0  0   0  0   0  2  3  1  0  0/0    26:45   1:44   7:55 
Cameron Gaunce           0  0  0   0  0   0  0  0  0  0  0/0     3:47   0:00   0:45 
Charles Hudon            0  0  0   0  0   0  0  0  0  0  0/0     4:58   0:00   0:32 
Colton Parayko           0  0  0   0  0   0  0  0  2  1  0/0    12:18   0:00   0:14 
Corey Perry              0  1  1  -1  0   1  1  0  1  1  2/4    22:29   1:51   7:31 
Dustin Boyd              0  0  0   0  0   1  0  0  0  0  2/2     6:09   0:00   0:56 
Enver Lisin              1  0  1   1  2   2  1  1  0  0  1/1     9:45   0:00   0:00 
Frans Nielsen            0  1  1  -1  2   4  0  1  0  0  7/13   19:33   1:27   3:03 
Greg Stewart             1  0  1  -1  0   1  1  0  0  1  0/0    20:33   1:51   5:38 
Henrik Sedin             0  1  1  -1  0   3  3  1  0  1  14/32  24:30   1:51   7:05 
Mark Stuart              0  0  0  -1  0   0  0  1  0  1  0/0    20:57   1:34   5:44 
Pierre-Marc Bouchard     0  1  1   1  2   0  1  0  0  0  3/7    10:39   0:00   0:00 
Raphael Diaz             0  0  0   0  2   2  1  2  1  1  0/0    22:55   1:44   6:48 
Shaone Morrisonn         0  0  0   0  2   0  0  0  0  0  0/0    14:21   0:00   2:23 
Steve Downie             0  2  2  -1  0   4  3  0  0  1  1/1    16:34   1:27   0:00 
Viktor Stalberg          0  0  0   1  0   1  1  1  1  0  0/0    13:57   0:00   3:01 
Vitaly Vishnevsky        0  0  0  -1  4   1  1  1  0  1  0/0    19:16   1:34   3:57 

3 Stars

1 - Henrik Lundqvist (Mon)
2 - Steve Downie (Mon)
3 - Justin Abdelkader (Nas)

Power Play

Predators - 0 on 7 Attempt(s) - 0.00%
Canadiens - 2 on 3 Attempt(s) - 66.67%

Penalty Kill

Predators - 1 on 3 Attempt(s) - 33.33% - Score 0 goal in Penalty Kill
Canadiens - 7 on 7 Attempt(s) - 100.00% - Score 0 goal in Penalty Kill

Team Stat

Predators - Hits : 25 - Faceoff Wins : 30 - Blocked Shots : 12 - Penalty Minutes : 6
Canadiens - Hits : 17 - Faceoff Wins : 30 - Blocked Shots : 12 - Penalty Minutes : 14

Official

Referees : Unknown
Linesman : Unknown

Game Notes

No Game Note

Finance

Level 1 -- Attendance: 5830 (97.17%) -- Ticket Income $536,360
Level 2 -- Attendance: 4855 (97.10%) -- Ticket Income $276,735
Level 3 -- Attendance: 1973 (98.65%) -- Ticket Income $71,028
Level 4 -- Attendance: 3966 (99.15%) -- Ticket Income $118,980
Luxury Box -- Attendance: 1000 (100.00%) -- Ticket Income $155,000
Game was played at the Centre Bell.
Total Attendance: 17624 (97.91%)
Total Ticket Income: $1,158,103
Other Income: $173,715
Total Income: $1,331,818

Predators

5 vs 5 Forward 
   Center                   Left Wing                Right Wing               Time % Phy DF OF 
 1 Mikael Granlund          Alexander Ovechkin       Brendan Gallagher        40     1   1  3  
 2 Ryan Kesler              Alexander Steen          Niclas Bergfors          30     1   2  2  
 3 Nik Antropov             James Van Riemsdyk       Byron Bitz               16     1   2  2  
 4 Andy Miele               Justin Abdelkader        Adam Burish              14     3   0  2  

5 vs 5 Defense 
   Defense                  Defense                                           Time % Phy DF OF 
 1 Ryan Mcdonagh            Alexander Edler                                   40     1   2  2  
 2 John Moore               Ryan Murray                                       30     1   2  2  
 3 Nate Schmidt             Dmitri Kalinin                                    20     1   2  2  
 4 Ryan Mcdonagh            Alexander Edler                                   10     1   2  2  

PowerPlay Forward 
   Center                   Left Wing                Right Wing               Time % Phy DF OF 
 1 Mikael Granlund          Alexander Ovechkin       Brendan Gallagher        60     1   1  3  
 2 Ryan Kesler              Alexander Steen          Niclas Bergfors          40     1   1  3  

PowerPlay Defense
   Defense                  Defense                                           Time % Phy DF OF 
 1 Ryan Mcdonagh            Alexander Edler                                   60     1   1  3  
 2 John Moore               Ryan Murray                                       40     1   1  3  

Penalty Kill 4 Players Forward 
   Center                   Wing                     Time % Phy DF OF 
 1 Justin Abdelkader        Adam Burish              60     1   2  2  
 2 Alexander Ovechkin       Byron Bitz               40     1   2  2  

Penalty Kill 4 Players Defense
   Defense                  Defense                  Time % Phy DF OF 
 1 Ryan Mcdonagh            Alexander Edler          60     1   3  1  
 2 John Moore               Nate Schmidt             40     1   3  1  

Penalty Kill - 3 Players Forward 
   Forward                                           Time % Phy DF OF 
 1 Adam Burish                                       60     1   3  1  
 2 Brendan Gallagher                                 40     1   3  1  

Penalty Kill - 3 Players Defense
   Defense                  Defense                  Time % Phy DF OF 
 1 Ryan Mcdonagh            Alexander Edler          60     1   3  1  
 2 John Moore               Nate Schmidt             40     1   3  1  

4 vs 4 Forward 
   Center                   Wing                     Time % Phy DF OF 
 1 Mikael Granlund          Alexander Ovechkin       60     1   2  2  
 2 Ryan Kesler              Niclas Bergfors          40     1   2  2  

4 vs 4 Defense
   Defense                  Defense                  Time % Phy DF OF 
 1 Ryan Mcdonagh            Alexander Edler          60     1   2  2  
 2 John Moore               Ryan Murray              40     1   2  2  

Last Minutes Offensive
   Center                   Left Wing                Right Wing               Defense                  Defense                  
   Mikael Granlund          Alexander Ovechkin       Brendan Gallagher        Ryan Mcdonagh            Alexander Edler          

Last Minutes Defensive
   Center                   Left Wing                Right Wing               Defense                  Defense                  
   Andy Miele               Alexander Ovechkin       Brendan Gallagher        Ryan Mcdonagh            Alexander Edler          

Goaltenders
Starting : Viktor Fasth             
Backup : Anders Lindback          

Extra Forwards
Normal : Alexander Steen, Justin Abdelkader, Adam Burish - PP : James Van Riemsdyk, Justin Abdelkader - PK : Brendan Gallagher
Extra Defensemen
Normal : Ryan Mcdonagh, Nate Schmidt, John Moore - PP : Dmitri Kalinin - PK : Ryan Murray, Dmitri Kalinin
Penalty Shots
Alexander Ovechkin, Niclas Bergfors, James Van Riemsdyk, Mikael Granlund, Alexander Steen

Scratches
Denis Grebeshkov (Healthy)

Canadiens

5 vs 5 Forward 
   Center                   Left Wing                Right Wing               Time % Phy DF OF 
 1 Henrik Sedin             Greg Stewart             Corey Perry              40     1   2  2  
 2 Frans Nielsen            Brett Maclean            Steve Downie             30     1   2  2  
 3 Pierre-Marc Bouchard     Viktor Stalberg          Enver Lisin              20     1   2  2  
 4 Dustin Boyd              Charles Hudon            Henrik Sedin             10     1   2  2  

5 vs 5 Defense 
   Defense                  Defense                                           Time % Phy DF OF 
 1 Bryce Lampman            Raphael Diaz                                      40     1   2  2  
 2 Mark Stuart              Vitaly Vishnevsky                                 30     1   2  2  
 3 Colton Parayko           Shaone Morrisonn                                  20     1   2  2  
 4 Cameron Gaunce           Bryce Lampman                                     10     1   2  2  

PowerPlay Forward 
   Center                   Left Wing                Right Wing               Time % Phy DF OF 
 1 Henrik Sedin             Greg Stewart             Corey Perry              60     1   2  2  
 2 Frans Nielsen            Brett Maclean            Steve Downie             40     1   2  2  

PowerPlay Defense
   Defense                  Defense                                           Time % Phy DF OF 
 1 Bryce Lampman            Raphael Diaz                                      60     1   2  2  
 2 Mark Stuart              Vitaly Vishnevsky                                 40     1   2  2  

Penalty Kill 4 Players Forward 
   Center                   Wing                     Time % Phy DF OF 
 1 Henrik Sedin             Corey Perry              60     1   2  2  
 2 Frans Nielsen            Greg Stewart             40     1   2  2  

Penalty Kill 4 Players Defense
   Defense                  Defense                  Time % Phy DF OF 
 1 Bryce Lampman            Raphael Diaz             60     1   2  2  
 2 Mark Stuart              Vitaly Vishnevsky        40     1   2  2  

Penalty Kill - 3 Players Forward 
   Forward                                           Time % Phy DF OF 
 1 Henrik Sedin                                      60     1   2  2  
 2 Corey Perry                                       40     1   2  2  

Penalty Kill - 3 Players Defense
   Defense                  Defense                  Time % Phy DF OF 
 1 Bryce Lampman            Raphael Diaz             60     1   2  2  
 2 Mark Stuart              Vitaly Vishnevsky        40     1   2  2  

4 vs 4 Forward 
   Center                   Wing                     Time % Phy DF OF 
 1 Henrik Sedin             Corey Perry              60     1   2  2  
 2 Frans Nielsen            Greg Stewart             40     1   2  2  

4 vs 4 Defense
   Defense                  Defense                  Time % Phy DF OF 
 1 Bryce Lampman            Raphael Diaz             60     1   2  2  
 2 Mark Stuart              Vitaly Vishnevsky        40     1   2  2  

Last Minutes Offensive
   Center                   Left Wing                Right Wing               Defense                  Defense                  
   Henrik Sedin             Greg Stewart             Corey Perry              Bryce Lampman            Raphael Diaz             

Last Minutes Defensive
   Center                   Left Wing                Right Wing               Defense                  Defense                  
   Henrik Sedin             Greg Stewart             Corey Perry              Bryce Lampman            Raphael Diaz             

Goaltenders
Starting : Henrik Lundqvist         
Backup : Allen York               

Extra Forwards
Normal : Pierre-Marc Bouchard, Dustin Boyd, Viktor Stalberg - PP : Pierre-Marc Bouchard, Dustin Boyd - PK : Viktor Stalberg
Extra Defensemen
Normal : Colton Parayko, Shaone Morrisonn, Cameron Gaunce - PP : Colton Parayko - PK : Shaone Morrisonn, Cameron Gaunce
Penalty Shots
Henrik Sedin, Corey Perry, Frans Nielsen, Greg Stewart, Steve Downie

Scratches
Benoit Pouliot (Broken Right Thumb Injury), Scott Glennie (Healthy), Nikolai Zherdev (Fractured Bone in Left Hand Injury)

% Time on Ice - Predators

Lines # - Real PCT - Wanted PCT - Time Play
Normal Forward
1 - 32% - 40% - 13:34
2 - 27% - 30% - 11:17
3 - 22% - 16% - 9:21
4 - 19% - 14% - 7:47
Normal Defense
1 - 41% - 40% - 17:05
2 - 30% - 30% - 12:46
3 - 26% - 20% - 11:04
4 - 3% - 10% - 1:04
PP Forward
1 - 53% - 60% - 7:21
2 - 47% - 40% - 6:32
PP Defense
1 - 57% - 60% - 7:52
2 - 43% - 40% - 6:01
PK Forward
1 - 78% - 60% - 2:34
2 - 22% - 40% - 0:44
PK Defense
1 - 61% - 60% - 2:00
2 - 39% - 40% - 1:18
PK3 Forward
1 - 0% - 60%
2 - 0% - 40%
PK3 Defense
1 - 0% - 60%
2 - 0% - 40%
44 Forward
1 - 0% - 60%
2 - 0% - 40%
44 Defense
1 - 0% - 60%
2 - 0% - 40%
Last Minute Offensive  - 0:50
Last Minute Defensive  - 0:00
Total
Forward - 60:00
Defense - 60:00

% Time on Ice - Canadiens

Lines # - Real PCT - Wanted PCT - Time Play
Normal Forward
1 - 30% - 40% - 12:38
2 - 37% - 30% - 15:34
3 - 23% - 20% - 9:41
4 - 10% - 10% - 4:06
Normal Defense
1 - 33% - 40% - 13:50
2 - 33% - 30% - 13:39
3 - 28% - 20% - 11:46
4 - 7% - 10% - 2:44
PP Forward
1 - 56% - 60% - 1:51
2 - 44% - 40% - 1:27
PP Defense
1 - 53% - 60% - 1:44
2 - 47% - 40% - 1:34
PK Forward
1 - 73% - 60% - 10:08
2 - 27% - 40% - 3:45
PK Defense
1 - 59% - 60% - 8:09
2 - 41% - 40% - 5:44
PK3 Forward
1 - 0% - 60%
2 - 0% - 40%
PK3 Defense
1 - 0% - 60%
2 - 0% - 40%
44 Forward
1 - 0% - 60%
2 - 0% - 40%
44 Defense
1 - 0% - 60%
2 - 0% - 40%
Last Minute Offensive  - 0:00
Last Minute Defensive  - 0:50
Total
Forward - 60:00
Defense - 60:00

Play-by-Play

1st period


0:01 of 1st period - Mikael Granlund wins face-off versus Henrik Sedin in neutral zone.
0:04 of 1st period - Snap shot by Mikael Granlund.
0:04 of 1st period - Shot Blocked by Bryce Lampman.
0:26 of 1st period - Frans Nielsen is hit by Alexander Steen and loses puck.
0:31 of 1st period - Snap shot by Niclas Bergfors.
0:31 of 1st period - Stopped by Henrik Lundqvist with a rebound.
0:33 of 1st period - Slapshot by Ryan Murray.
0:33 of 1st period - Shot Misses the Net.
0:35 of 1st period - Wrist shot by Ryan Kesler.
0:35 of 1st period - Deflect By Bryce Lampman.
0:35 of 1st period - Stopped by Henrik Lundqvist without a rebound.
0:36 of 1st period - Pierre-Marc Bouchard wins face-off versus Nik Antropov in Canadiens zone.
0:51 of 1st period - Viktor Stalberg is hit by James Van Riemsdyk and loses puck.
1:01 of 1st period - Icing by Ryan Murray.
1:02 of 1st period - Dustin Boyd wins face-off versus Andy Miele in Predators zone.
1:03 of 1st period - Snap shot by Henrik Sedin.
1:03 of 1st period - Stopped by Viktor Fasth without a rebound.
1:04 of 1st period - Dustin Boyd wins face-off versus Andy Miele in Predators zone.
1:10 of 1st period - Minor Penalty to Adam Burish for Roughing.
1:11 of 1st period - Justin Abdelkader wins face-off versus Henrik Sedin in Predators zone.
1:11 of 1st period - Justin Abdelkader is hit by Henrik Sedin.
1:27 of 1st period - Snap shot by Corey Perry.
1:27 of 1st period - Stopped by Viktor Fasth with a rebound.
1:42 of 1st period - Alexander Ovechkin is hit by Steve Downie and loses puck.
3:10 of 1st period - Penalty to Adam Burish is over, Adam Burish is back on ice.
3:17 of 1st period - Bryce Lampman is hit by Alexander Steen and loses puck.
3:32 of 1st period - Ryan Murray is hit by Pierre-Marc Bouchard and loses puck.
4:41 of 1st period - Mark Stuart is hit by Andy Miele and loses puck.
5:50 of 1st period - Wrist shot by Alexander Ovechkin.
5:50 of 1st period - Shot Blocked by Henrik Sedin.
6:42 of 1st period - Slapshot by Corey Perry.
6:42 of 1st period - Deflect By Enver Lisin.
6:42 of 1st period - Shot Misses the Net.
6:42 of 1st period - Puck is out of play.
6:43 of 1st period - Pierre-Marc Bouchard wins face-off versus Alexander Ovechkin in Predators zone.
6:44 of 1st period - Snap shot by Viktor Stalberg.
6:44 of 1st period - Shot Misses the Net.
7:25 of 1st period - Icing by Alexander Steen.
7:26 of 1st period - Ryan Kesler wins face-off versus Henrik Sedin in Predators zone.
7:51 of 1st period - Wrist shot by Niclas Bergfors.
7:51 of 1st period - Shot Misses the Net.
8:05 of 1st period - Niclas Bergfors is hit by Henrik Sedin and loses puck.
8:40 of 1st period - Snap shot by Niclas Bergfors.
8:40 of 1st period - Stopped by Henrik Lundqvist with a rebound.
8:42 of 1st period - Snap shot by Niclas Bergfors.
8:42 of 1st period - Shot Blocked by Mark Stuart.
8:44 of 1st period - Snap shot by Niclas Bergfors.
8:44 of 1st period - Shot Misses the Net.
8:46 of 1st period - Snap shot by Alexander Steen.
8:46 of 1st period - Stopped by Henrik Lundqvist without a rebound.
8:47 of 1st period - Mikael Granlund wins face-off versus Frans Nielsen in Canadiens zone.
8:56 of 1st period - Snap shot by Mikael Granlund.
8:56 of 1st period - Stopped by Henrik Lundqvist without a rebound.
8:57 of 1st period - Steve Downie wins face-off versus Mikael Granlund in Canadiens zone.
9:17 of 1st period - Minor Penalty to Raphael Diaz for Charging.
9:18 of 1st period - Henrik Sedin wins face-off versus Mikael Granlund in Canadiens zone.
9:18 of 1st period - Henrik Sedin is hit by Alexander Edler.
9:36 of 1st period - Henrik Sedin is hit by Mikael Granlund and loses puck.
10:01 of 1st period - Shaone Morrisonn is hit by Alexander Steen and loses puck.
11:17 of 1st period - Penalty to Raphael Diaz is over, Raphael Diaz is back on ice.
11:26 of 1st period - Slapshot by Dustin Boyd.
11:26 of 1st period - Deflect By John Moore.
11:26 of 1st period - Stopped by Viktor Fasth with a rebound.
11:28 of 1st period - Snap shot by Brett Maclean.
11:28 of 1st period - Shot Blocked by John Moore.
11:30 of 1st period - Wrist shot by Brett Maclean.
11:30 of 1st period - Shot Blocked by Ryan Murray.
11:32 of 1st period - Snap shot by Steve Downie.
11:32 of 1st period - Shot Misses the Net.
11:34 of 1st period - Slapshot by Steve Downie.
11:34 of 1st period - Stopped by Viktor Fasth without a rebound.
11:35 of 1st period - Andy Miele wins face-off versus Frans Nielsen in Predators zone.
12:09 of 1st period - Wrist shot by Mikael Granlund.
12:09 of 1st period - Stopped by Henrik Lundqvist without a rebound.
12:10 of 1st period - Henrik Sedin wins face-off versus Ryan Kesler in Canadiens zone.
12:10 of 1st period - Henrik Sedin is hit by Niclas Bergfors.
12:23 of 1st period - Off-side.
12:24 of 1st period - Mikael Granlund wins face-off versus Henrik Sedin in neutral zone.
12:29 of 1st period - Snap shot by Alexander Ovechkin.
12:29 of 1st period - Stopped by Henrik Lundqvist without a rebound.
12:30 of 1st period - Henrik Sedin wins face-off versus Brendan Gallagher in Canadiens zone.
12:37 of 1st period - Slapshot by Bryce Lampman.
12:37 of 1st period - Deflect By Greg Stewart.
12:37 of 1st period - Shot Blocked by Alexander Edler.
12:37 of 1st period - Puck is out of play.
12:38 of 1st period - Mikael Granlund wins face-off versus Henrik Sedin in Predators zone.
13:23 of 1st period - Slapshot by Enver Lisin.
13:23 of 1st period - Shot Misses the Net.
13:35 of 1st period - Slapshot by Ryan Kesler.
13:35 of 1st period - Stopped by Henrik Lundqvist without a rebound.
13:36 of 1st period - Ryan Kesler wins face-off versus Frans Nielsen in Canadiens zone.
14:01 of 1st period - Raphael Diaz is hit by Niclas Bergfors and loses puck.
14:08 of 1st period - Slapshot by Frans Nielsen.
14:08 of 1st period - Shot Misses the Net.
14:14 of 1st period - Slapshot by Ryan Kesler.
14:14 of 1st period - Stopped by Henrik Lundqvist with a rebound.
14:19 of 1st period - Icing by Steve Downie.
14:20 of 1st period - Frans Nielsen wins face-off versus Mikael Granlund in Canadiens zone.
14:20 of 1st period - Frans Nielsen is hit by Brendan Gallagher.
14:45 of 1st period - Snap shot by Brett Maclean.
14:45 of 1st period - Stopped by Viktor Fasth without a rebound.
14:46 of 1st period - Corey Perry wins face-off versus Andy Miele in Predators zone.
14:49 of 1st period - Wrist shot by Greg Stewart.
14:49 of 1st period - Shot Hit the Post.
14:51 of 1st period - Wrist shot by Henrik Sedin.
14:51 of 1st period - Shot Blocked by John Moore.
14:53 of 1st period - Wrist shot by Greg Stewart.
14:53 of 1st period - Shot Misses the Net.
14:55 of 1st period - Snap shot by Greg Stewart.
14:55 of 1st period - Shot Misses the Net.
15:13 of 1st period - John Moore is hit by Enver Lisin and loses puck.
15:20 of 1st period - Snap shot by Viktor Stalberg.
15:20 of 1st period - Stopped by Viktor Fasth with a rebound.
15:43 of 1st period - Wrist shot by Henrik Sedin.
15:43 of 1st period - Shot Misses the Net.
15:53 of 1st period - Wrist shot by Niclas Bergfors.
15:53 of 1st period - Shot Misses the Net.
17:49 of 1st period - Enver Lisin is hit by Dmitri Kalinin and loses puck.
18:19 of 1st period - Greg Stewart is hit by Ryan Kesler and loses puck.
18:34 of 1st period - Snap shot by Dustin Boyd.
18:34 of 1st period - Shot Misses the Net.
18:41 of 1st period - Off-side.
18:42 of 1st period - Frans Nielsen wins face-off versus Nik Antropov in neutral zone.
18:59 of 1st period - James Van Riemsdyk is hit by Steve Downie and loses puck.
19:06 of 1st period - Frans Nielsen is hit by James Van Riemsdyk and loses puck.
19:21 of 1st period - Snap shot by James Van Riemsdyk.
19:21 of 1st period - Stopped by Henrik Lundqvist without a rebound.
19:22 of 1st period - Mikael Granlund wins face-off versus Henrik Sedin in Canadiens zone.
19:23 of 1st period - Wrist shot by Brendan Gallagher.
19:23 of 1st period - Stopped by Henrik Lundqvist without a rebound.
19:24 of 1st period - Henrik Sedin wins face-off versus Mikael Granlund in Canadiens zone.
Goals for this period are 0 for Predators vs 0 for Canadiens.
Shots for this period are 11 for Predators vs 6 for Canadiens.

2nd period


0:01 of 2nd period - Henrik Sedin wins face-off versus Mikael Granlund in neutral zone.
0:12 of 2nd period - Snap shot by Greg Stewart.
0:12 of 2nd period - Shot Misses the Net.
0:26 of 2nd period - Brett Maclean is hit by Ryan Mcdonagh.
0:30 of 2nd period - Snap shot by Frans Nielsen.
0:30 of 2nd period - Shot Blocked by Ryan Mcdonagh.
0:37 of 2nd period - Off-side.
0:38 of 2nd period - Henrik Sedin wins face-off versus Mikael Granlund in neutral zone.
0:41 of 2nd period - Slapshot by Vitaly Vishnevsky.
0:41 of 2nd period - Stopped by Viktor Fasth without a rebound.
0:42 of 2nd period - Henrik Sedin wins face-off versus Mikael Granlund in Predators zone.
0:45 of 2nd period - Snap shot by Greg Stewart.
0:45 of 2nd period - Shot Misses the Net.
0:52 of 2nd period - Off-side.
0:53 of 2nd period - Mikael Granlund wins face-off versus Henrik Sedin in neutral zone.
1:00 of 2nd period - Wrist shot by Mikael Granlund.
1:00 of 2nd period - Shot Blocked by Bryce Lampman.
1:04 of 2nd period - Slapshot by Brendan Gallagher.
1:04 of 2nd period - Shot Misses the Net.
1:06 of 2nd period - Backhand shot by Alexander Ovechkin.
1:06 of 2nd period - Shot Blocked by Bryce Lampman.
1:08 of 2nd period - Slapshot by Ryan Mcdonagh.
1:08 of 2nd period - Stopped by Henrik Lundqvist with a rebound.
1:10 of 2nd period - Snap shot by Alexander Edler.
1:10 of 2nd period - Shot Misses the Net.
1:37 of 2nd period - Minor Penalty to Vitaly Vishnevsky for Tripping.
1:38 of 2nd period - Mikael Granlund wins face-off versus Henrik Sedin in Canadiens zone.
1:53 of 2nd period - Snap shot by Mikael Granlund.
1:53 of 2nd period - Stopped by Henrik Lundqvist without a rebound.
1:54 of 2nd period - Henrik Sedin wins face-off versus Mikael Granlund in Canadiens zone.
1:54 of 2nd period - Henrik Sedin is hit by Alexander Ovechkin.
2:29 of 2nd period - Icing by Ryan Kesler.
2:30 of 2nd period - Ryan Kesler wins face-off versus Corey Perry in Predators zone.
2:53 of 2nd period - Wrist shot by Mikael Granlund.
2:53 of 2nd period - Stopped by Henrik Lundqvist with a rebound.
3:37 of 2nd period - Penalty to Vitaly Vishnevsky is over, Vitaly Vishnevsky is back on ice.
3:47 of 2nd period - Slapshot by Frans Nielsen.
3:47 of 2nd period - Stopped by Viktor Fasth without a rebound.
3:48 of 2nd period - Frans Nielsen wins face-off versus Andy Miele in Predators zone.
3:49 of 2nd period - Snap shot by Brett Maclean.
3:49 of 2nd period - Shot Blocked by Adam Burish.
3:51 of 2nd period - Snap shot by Brett Maclean.
3:51 of 2nd period - Shot Blocked by Dmitri Kalinin.
3:53 of 2nd period - Slapshot by Brett Maclean.
3:53 of 2nd period - Shot Blocked by Justin Abdelkader.
3:57 of 2nd period - Wrist shot by Frans Nielsen.
3:57 of 2nd period - Shot Misses the Net.
3:59 of 2nd period - Wrist shot by Steve Downie.
3:59 of 2nd period - Stopped by Viktor Fasth with a rebound.
4:01 of 2nd period - Slapshot by Vitaly Vishnevsky.
4:01 of 2nd period - Deflect By Frans Nielsen.
4:01 of 2nd period - Stopped by Viktor Fasth without a rebound.
4:02 of 2nd period - Mikael Granlund wins face-off versus Pierre-Marc Bouchard in Predators zone.
4:29 of 2nd period - Bryce Lampman is hit by Alexander Steen and loses puck.
4:52 of 2nd period - Wrist shot by Justin Abdelkader.
4:52 of 2nd period - Stopped by Henrik Lundqvist with a rebound.
4:54 of 2nd period - Wrist shot by Adam Burish.
4:54 of 2nd period - Shot Blocked by Vitaly Vishnevsky.
4:56 of 2nd period - Snap shot by Adam Burish.
4:56 of 2nd period - Shot Misses the Net.
4:58 of 2nd period - Slapshot by Alexander Edler.
4:58 of 2nd period - Deflect By Frans Nielsen.
4:58 of 2nd period - Stopped by Henrik Lundqvist with a rebound.
5:33 of 2nd period - Vitaly Vishnevsky is hit by Brendan Gallagher and loses puck.
5:48 of 2nd period - Minor Penalty to Ryan Kesler for Hooking.
5:49 of 2nd period - Justin Abdelkader wins face-off versus Henrik Sedin in Predators zone.
6:00 of 2nd period - Slapshot by Greg Stewart.
6:00 of 2nd period - Deflect By Alexander Edler.
6:00 of 2nd period - Goal by Greg Stewart - Predators : 0 - Canadiens : 1.
6:01 of 2nd period - Henrik Sedin wins face-off versus Mikael Granlund in neutral zone.
6:39 of 2nd period - Slapshot by Brett Maclean.
6:39 of 2nd period - Shot Misses the Net.
6:55 of 2nd period - Slapshot by Alexander Edler.
6:55 of 2nd period - Shot Blocked by Enver Lisin.
7:21 of 2nd period - Snap shot by Brendan Gallagher.
7:21 of 2nd period - Shot Misses the Net.
7:31 of 2nd period - James Van Riemsdyk is hit by Brett Maclean and loses puck.
7:58 of 2nd period - Snap shot by Ryan Kesler.
7:58 of 2nd period - Stopped by Henrik Lundqvist without a rebound.
7:59 of 2nd period - Ryan Kesler wins face-off versus Pierre-Marc Bouchard in Canadiens zone.
8:04 of 2nd period - Snap shot by Ryan Kesler.
8:04 of 2nd period - Stopped by Henrik Lundqvist with a rebound.
8:06 of 2nd period - Slapshot by Nate Schmidt.
8:06 of 2nd period - Shot Blocked by Viktor Stalberg.
8:08 of 2nd period - Snap shot by Alexander Steen.
8:08 of 2nd period - Stopped by Henrik Lundqvist without a rebound.
8:09 of 2nd period - Pierre-Marc Bouchard wins face-off versus Mikael Granlund in Canadiens zone.
8:11 of 2nd period - Minor Penalty to Pierre-Marc Bouchard for Hooking.
8:12 of 2nd period - Mikael Granlund wins face-off versus Henrik Sedin in Canadiens zone.
9:04 of 2nd period - Vitaly Vishnevsky is hit by Mikael Granlund and loses puck.
10:11 of 2nd period - Penalty to Pierre-Marc Bouchard is over, Pierre-Marc Bouchard is back on ice.
10:30 of 2nd period - Shaone Morrisonn is hit by Alexander Edler and loses puck.
10:44 of 2nd period - Snap shot by Enver Lisin.
10:44 of 2nd period - Stopped by Viktor Fasth without a rebound.
10:45 of 2nd period - Nik Antropov wins face-off versus Pierre-Marc Bouchard in Predators zone.
10:54 of 2nd period - Snap shot by James Van Riemsdyk.
10:54 of 2nd period - Shot Misses the Net.
11:15 of 2nd period - Icing by Nate Schmidt.
11:16 of 2nd period - Mikael Granlund wins face-off versus Henrik Sedin in Predators zone.
11:16 of 2nd period - Mikael Granlund is hit by Bryce Lampman.
11:22 of 2nd period - Bryce Lampman is hit by Dmitri Kalinin.
11:26 of 2nd period - Mikael Granlund is hit by Henrik Sedin and loses puck.
12:23 of 2nd period - Snap shot by Alexander Ovechkin.
12:23 of 2nd period - Stopped by Henrik Lundqvist without a rebound.
12:24 of 2nd period - Enver Lisin wins face-off versus Ryan Kesler in Canadiens zone.
12:52 of 2nd period - Wrist shot by Alexander Edler.
12:52 of 2nd period - Stopped by Henrik Lundqvist with a rebound.
13:28 of 2nd period - John Moore is hit by Greg Stewart and loses puck.
14:25 of 2nd period - Vitaly Vishnevsky is hit by Mikael Granlund and loses puck.
14:40 of 2nd period - Slapshot by Alexander Edler.
14:40 of 2nd period - Shot Misses the Net.
15:15 of 2nd period - Wrist shot by Adam Burish.
15:15 of 2nd period - Stopped by Henrik Lundqvist with a rebound.
15:35 of 2nd period - Dustin Boyd is hit by Niclas Bergfors and loses puck.
16:11 of 2nd period - Minor Penalty to Brendan Gallagher for Tripping.
16:12 of 2nd period - Justin Abdelkader wins face-off versus Henrik Sedin in Predators zone.
16:37 of 2nd period - Alexander Edler is hit by Raphael Diaz.
16:41 of 2nd period - Snap shot by Steve Downie.
16:41 of 2nd period - Shot Misses the Net.
16:43 of 2nd period - Slapshot by Brett Maclean.
16:43 of 2nd period - Stopped by Viktor Fasth without a rebound.
16:44 of 2nd period - Justin Abdelkader wins face-off versus Henrik Sedin in Predators zone.
16:44 of 2nd period - Justin Abdelkader is hit by Vitaly Vishnevsky.
17:10 of 2nd period - Snap shot by Brett Maclean.
17:10 of 2nd period - Stopped by Viktor Fasth without a rebound.
17:11 of 2nd period - Frans Nielsen wins face-off versus Alexander Ovechkin in Predators zone.
17:16 of 2nd period - Backhand shot by Frans Nielsen.
17:16 of 2nd period - Deflect By Steve Downie.
17:16 of 2nd period - Stopped by Viktor Fasth with a rebound.
17:18 of 2nd period - Snap shot by Brett Maclean.
17:18 of 2nd period - Goal by Brett Maclean - Predators : 0 - Canadiens : 2.
17:19 of 2nd period - Henrik Sedin wins face-off versus Alexander Ovechkin in neutral zone.
17:26 of 2nd period - Wrist shot by Greg Stewart.
17:26 of 2nd period - Shot Misses the Net.
17:34 of 2nd period - Slapshot by Ryan Mcdonagh.
17:34 of 2nd period - Stopped by Henrik Lundqvist with a rebound.
17:48 of 2nd period - Niclas Bergfors is hit by Steve Downie and loses puck.
17:55 of 2nd period - Wrist shot by Steve Downie.
17:55 of 2nd period - Stopped by Viktor Fasth with a rebound.
Goals for this period are 0 for Predators vs 2 for Canadiens.
Shots for this period are 12 for Predators vs 11 for Canadiens.

3rd period


0:01 of 3rd period - Mikael Granlund wins face-off versus Henrik Sedin in neutral zone.
0:11 of 3rd period - Slapshot by Raphael Diaz.
0:11 of 3rd period - Stopped by Viktor Fasth without a rebound.
0:12 of 3rd period - Henrik Sedin wins face-off versus Mikael Granlund in Predators zone.
0:29 of 3rd period - Wrist shot by Mikael Granlund.
0:29 of 3rd period - Shot Misses the Net.
0:43 of 3rd period - Steve Downie is hit by Alexander Steen and loses puck.
2:03 of 3rd period - Minor Penalty to Frans Nielsen for Holding Stick.
2:04 of 3rd period - Henrik Sedin wins face-off versus Mikael Granlund in Canadiens zone.
2:20 of 3rd period - Off-side.
2:21 of 3rd period - Ryan Kesler wins face-off versus Henrik Sedin in neutral zone.
2:58 of 3rd period - Snap shot by Mikael Granlund.
2:58 of 3rd period - Shot Misses the Net.
4:03 of 3rd period - Penalty to Frans Nielsen is over, Frans Nielsen is back on ice.
4:17 of 3rd period - Snap shot by Andy Miele.
4:17 of 3rd period - Stopped by Henrik Lundqvist with a rebound.
4:19 of 3rd period - Wrist shot by Justin Abdelkader.
4:19 of 3rd period - Shot Misses the Net.
4:29 of 3rd period - Wrist shot by Nik Antropov.
4:29 of 3rd period - Stopped by Henrik Lundqvist without a rebound.
4:30 of 3rd period - Nik Antropov wins face-off versus Pierre-Marc Bouchard in Canadiens zone.
5:01 of 3rd period - Wrist shot by Alexander Steen.
5:01 of 3rd period - Shot Blocked by Brett Maclean.
5:03 of 3rd period - Snap shot by Niclas Bergfors.
5:03 of 3rd period - Stopped by Henrik Lundqvist with a rebound.
5:05 of 3rd period - Snap shot by Alexander Steen.
5:05 of 3rd period - Stopped by Henrik Lundqvist with a rebound.
5:07 of 3rd period - Snap shot by Nate Schmidt.
5:07 of 3rd period - Stopped by Henrik Lundqvist with a rebound.
5:27 of 3rd period - Backhand shot by Mikael Granlund.
5:27 of 3rd period - Stopped by Henrik Lundqvist with a rebound.
5:29 of 3rd period - Slapshot by John Moore.
5:29 of 3rd period - Goal by John Moore - Predators : 1 - Canadiens : 2.
5:30 of 3rd period - Mikael Granlund wins face-off versus Corey Perry in neutral zone.
5:45 of 3rd period - Wrist shot by Greg Stewart.
5:45 of 3rd period - Shot Misses the Net.
5:47 of 3rd period - Snap shot by Henrik Sedin.
5:47 of 3rd period - Stopped by Viktor Fasth without a rebound.
5:48 of 3rd period - Ryan Kesler wins face-off versus Frans Nielsen in Predators zone.
6:15 of 3rd period - John Moore is hit by Viktor Stalberg.
6:27 of 3rd period - Snap shot by Raphael Diaz.
6:27 of 3rd period - Stopped by Viktor Fasth with a rebound.
6:29 of 3rd period - Wrist shot by Enver Lisin.
6:29 of 3rd period - Shot Misses the Net.
7:07 of 3rd period - Slapshot by Henrik Sedin.
7:07 of 3rd period - Stopped by Viktor Fasth without a rebound.
7:08 of 3rd period - Nik Antropov wins face-off versus Frans Nielsen in Predators zone.
7:08 of 3rd period - Nik Antropov is hit by Brett Maclean.
7:18 of 3rd period - Slapshot by Ryan Mcdonagh.
7:18 of 3rd period - Shot Misses the Net.
7:20 of 3rd period - Slapshot by Alexander Edler.
7:20 of 3rd period - Shot Blocked by Frans Nielsen.
7:30 of 3rd period - Snap shot by Nik Antropov.
7:30 of 3rd period - Stopped by Henrik Lundqvist with a rebound.
7:53 of 3rd period - Minor Penalty to Shaone Morrisonn for Tripping.
7:54 of 3rd period - Corey Perry wins face-off versus Mikael Granlund in Canadiens zone.
8:03 of 3rd period - Snap shot by Brendan Gallagher.
8:03 of 3rd period - Shot Misses the Net.
8:05 of 3rd period - Slapshot by Ryan Mcdonagh.
8:05 of 3rd period - Shot Misses the Net.
8:07 of 3rd period - Wrist shot by Ryan Mcdonagh.
8:07 of 3rd period - Shot Blocked by Raphael Diaz.
8:09 of 3rd period - Snap shot by Brendan Gallagher.
8:09 of 3rd period - Shot Misses the Net.
8:11 of 3rd period - Snap shot by Brendan Gallagher.
8:11 of 3rd period - Shot Misses the Net.
8:57 of 3rd period - Snap shot by Alexander Steen.
8:57 of 3rd period - Shot Misses the Net.
9:09 of 3rd period - Snap shot by Alexander Steen.
9:09 of 3rd period - Stopped by Henrik Lundqvist with a rebound.
9:53 of 3rd period - Penalty to Shaone Morrisonn is over, Shaone Morrisonn is back on ice.
9:59 of 3rd period - Snap shot by Brendan Gallagher.
9:59 of 3rd period - Shot Misses the Net.
10:09 of 3rd period - Slapshot by Bryce Lampman.
10:09 of 3rd period - Shot Blocked by John Moore.
10:11 of 3rd period - Snap shot by Frans Nielsen.
10:11 of 3rd period - Stopped by Viktor Fasth without a rebound.
10:12 of 3rd period - Frans Nielsen wins face-off versus Andy Miele in Predators zone.
10:15 of 3rd period - Snap shot by Steve Downie.
10:15 of 3rd period - Shot Misses the Net.
10:29 of 3rd period - Snap shot by Justin Abdelkader.
10:29 of 3rd period - Goal by Justin Abdelkader - Predators : 2 - Canadiens : 2.
10:30 of 3rd period - Mikael Granlund wins face-off versus Henrik Sedin in neutral zone.
10:44 of 3rd period - Wrist shot by Alexander Ovechkin.
10:44 of 3rd period - Shot Blocked by Raphael Diaz.
11:02 of 3rd period - Slapshot by Steve Downie.
11:02 of 3rd period - Shot Misses the Net.
11:04 of 3rd period - Wrist shot by Brett Maclean.
11:04 of 3rd period - Stopped by Viktor Fasth without a rebound.
11:05 of 3rd period - Frans Nielsen wins face-off versus Ryan Kesler in Predators zone.
11:14 of 3rd period - Wrist shot by Frans Nielsen.
11:14 of 3rd period - Stopped by Viktor Fasth with a rebound.
11:16 of 3rd period - Snap shot by Brett Maclean.
11:16 of 3rd period - Stopped by Viktor Fasth with a rebound.
11:18 of 3rd period - Wrist shot by Mark Stuart.
11:18 of 3rd period - Shot Blocked by Ryan Mcdonagh.
11:20 of 3rd period - Slapshot by Steve Downie.
11:20 of 3rd period - Shot Misses the Net.
11:32 of 3rd period - Alexander Ovechkin is hit by Corey Perry and loses puck.
11:55 of 3rd period - Minor Penalty to Enver Lisin for Slashing.
11:56 of 3rd period - Mikael Granlund wins face-off versus Henrik Sedin in Canadiens zone.
13:55 of 3rd period - Penalty to Enver Lisin is over, Enver Lisin is back on ice.
14:07 of 3rd period - Steve Downie is hit by Andy Miele and loses puck.
16:20 of 3rd period - Minor Penalty to Vitaly Vishnevsky for Hooking.
16:21 of 3rd period - Henrik Sedin wins face-off versus Alexander Ovechkin in Canadiens zone.
16:21 of 3rd period - Henrik Sedin is hit by Brendan Gallagher.
16:37 of 3rd period - Ryan Murray is hit by Bryce Lampman and loses puck.
16:54 of 3rd period - Slapshot by Greg Stewart.
16:54 of 3rd period - Shot Blocked by John Moore.
18:20 of 3rd period - Penalty to Vitaly Vishnevsky is over, Vitaly Vishnevsky is back on ice.
18:24 of 3rd period - Off-side.
18:25 of 3rd period - Andy Miele wins face-off versus Frans Nielsen in neutral zone.
18:34 of 3rd period - Wrist shot by Andy Miele.
18:34 of 3rd period - Stopped by Henrik Lundqvist without a rebound.
18:35 of 3rd period - Frans Nielsen wins face-off versus Andy Miele in Canadiens zone.
18:51 of 3rd period - Snap shot by Steve Downie.
18:51 of 3rd period - Shot Blocked by Dmitri Kalinin.
18:53 of 3rd period - Snap shot by Brett Maclean.
18:53 of 3rd period - Stopped by Viktor Fasth with a rebound.
19:09 of 3rd period - Snap shot by Enver Lisin.
19:09 of 3rd period - Goal by Enver Lisin - Predators : 2 - Canadiens : 3.
19:10 of 3rd period - Henrik Sedin wins face-off versus Mikael Granlund in neutral zone.
19:37 of 3rd period - Predators, Viktor Fasth is pulled from the net.
19:37 of 3rd period - Slapshot by Brendan Gallagher.
19:37 of 3rd period - Stopped by Henrik Lundqvist without a rebound.
19:38 of 3rd period - Randy Carlyle call a timeout for Predators.
19:38 of 3rd period - Mikael Granlund wins face-off versus Henrik Sedin in Canadiens zone.
Goals for this period are 2 for Predators vs 1 for Canadiens.
Shots for this period are 12 for Predators vs 10 for Canadiens.